 Dungeon Crawl Stone Soup version 0.30-a0-778-g2ef04afb54 (webtiles) character file.

Game seed: 13399601129335680617

100 Pimp the Trooper (level 4, 0/36 HPs)
             Began as a Demonspawn Monk on Feb 15, 2023.
             Slain by an orc wizard
             ... wielding a +0 dagger
              (2 damage)
             ... on level 2 of the Dungeon.
             The game lasted 00:03:53 (1600 turns).

Pimp the Trooper (Demonspawn Monk)                  Turns: 1600, Time: 00:03:53

Health: 0/36       AC:  2    Str: 13    XL:     4   Next: 47%
Magic:  4/4        EV: 13    Int: 11    God:
Gold:   89         SH:  4    Dex: 16    Spells: 3/3 levels left

rFire   . . .      SeeInvis .    a - +0 falchion
rCold   . . .      Faith    .    (no shield)
rNeg    . . .      Spirit   .    b - +0 robe
rPois   .          Reflect  .    (no helmet)
rElec   .          Harm     .    (no cloak)
rCorr   .          Rampage  .    (no gloves)
Will    .....                    (no boots)
Stlth   ++                       (no amulet)
HPRegen 0.26/turn                (no ring)
MPRegen 0.09/turn                (no ring)

@: attractive
A: large bone plates 1
a: no special abilities


You were on level 2 of the Dungeon.
You visited 1 branch of the dungeon, and saw 3 of its levels.

You collected 89 gold pieces.

Inventory:

Hand Weapons
 a - a +0 falchion (weapon)
Missiles
 g - 4 poisoned darts (quivered)
Armour
 b - a +0 robe (worn)
Scrolls
 f - 5 scrolls of identify {unknown}
 h - 2 scrolls of teleportation {unknown}
 j - 2 scrolls of blinking {unknown}
 l - a scroll of brand weapon {unknown}
Potions
 c - a potion of ambrosia
 d - a potion of attraction
 i - a potion of magic
 k - 2 potions of brilliance {unknown}


   Skills:
 + Level 3.6 Fighting
 + Level 3.6 Long Blades
 + Level 3.3 Dodging
 + Level 2.2 Stealth
 + Level 0.3 Shields


You had 3 spell levels left.
You didn't know any spells.
Your spell library contained the following spells:

 Spells                   Type           Power      Damage    Failure   Level
 Lesser Beckoning         Tloc           0%         N/A       47%         2
 Dazzling Flash           Conj/Hex       0%         N/A       71%         3
 Gell's Gravitas          Tloc           0%         N/A       71%         3
 Teleport Other           Tloc           0%         N/A       71%         3
 Agony                    Necr           0%         N/A       100%        5
 Silence                  Hex/Air        0%         N/A       100%        5


Dungeon Overview and Level Annotations

Branches:
Dungeon (3/15)

Altars:
Cheibriados


Innate Abilities, Weirdness & Mutations

You are partially covered in large bone plates. (SH +4)


Message History

You miss something.
You feel less confused. Something hits you but does no damage.
Something hits you.
You closely miss something. Something hits you.
You hit something. Something hits you.
You closely miss something. Something hits you.
You closely miss something. Something hits you.
You slash something! Something hits you.
You hit something but do no damage.
You hear some strange, mumbled words.
A magic dart appears from out of thin air!
The magic dart hits you!
* * * LOW HITPOINT WARNING * * *
You hit something. Something hits you.
* * * LOW HITPOINT WARNING * * *
Something barely misses you.
You climb upwards.
Reactivating autopickup.
There is a stone staircase leading down here.
Deactivating autopickup; reactivate with Ctrl-A.
You hit something but do no damage. Something hits you.
* * * LOW HITPOINT WARNING * * *
Something hits you.
* * * LOW HITPOINT WARNING * * *
It was a potion of curing.
You feel better.
You hear some strange, mumbled words.
A magic dart appears from out of thin air!
The magic dart hits you!
* * * LOW HITPOINT WARNING * * *
You miss something.
You hear some strange, mumbled words.
A magic dart appears from out of thin air!
The magic dart hits you.
* * * LOW HITPOINT WARNING * * *
It was a potion of attraction.
You feel attractive to monsters.
You hear some strange, mumbled words.
Something tries to affect you, but you resist.
It was a potion of magic.
Magic courses through your body. Something hits you.
You die...

#.......###.#..########
#.......'.............#
#.......###....##.###.#
#.......###.#..##.###.#
#.......#..........##.#
#.......###.#.........#
#.......# #.#.#########
##.......###.#.##############
................@...........#
......######.#..{..###.######
....### #.#.###.# #.#<# ....#
#.#.# #.###.#.# ...)#
#.#.###.......# ##..#
#.....รท.....### #..####
#.#.###.##### ##.....#
#.<.....#### #..###.#
#.#........#


There were no monsters in sight!

Vanquished Creatures
  An iron imp (D:3)
  2 adders (D:3)
  2 worms (D:2)
  3 orcs (D:3)
  4 ball pythons
  3 endoplasms
  2 giant cockroaches
  5 hobgoblins
  2 jackals (D:2)
  6 kobolds
  3 quokkas
  3 bats
  2 frilled lizards
  3 goblins (D:1)
  5 rats
46 creatures vanquished.

Notes
Turn   | Place    | Note
-------+----------+-------------------------------------------
     0 | D:1      | Pimp the Demonspawn Monk began the quest for the Orb.
     0 | D:1      | Reached XP level 1. HP: 18/18 MP: 1/1
   261 | D:1      | Gained mutation: You are partially covered in large bone
                  | plates. (SH +4) [demonic ancestry]
   261 | D:1      | Reached XP level 2. HP: 19/24 MP: 2/2
   390 | D:1      | You fall into a shaft and drop 1 floor!
   589 | D:2      | Reached XP level 3. HP: 26/29 MP: 3/3
  1414 | D:3      | Found a snail-covered altar of Cheibriados.
  1431 | D:3      | Reached XP level 4. HP: 19/36 MP: 4/4
  1598 | D:2      | HP: 1/36 [something/magic dart (3)]
  1600 | D:2      | Slain by an orc wizard

Illustrated notes

Levels and vault maps discovered:
D:1:      sevenhm_arrival_forest_fort_large_4, layout_loops_ring
D:2:      layout_basic
D:3:      layout_basic, slow_altar_1, amethyst_killhole

Skill      XL: |  1  2  3 |
---------------+----------+-----
Dodging        | 3 |  3.3
Long Blades    | 3 |  3.6
Stealth        | 2 |  2.2
Fighting       | |  3.6
Shields        | |  0.3

Action                     |  1- 3 |  4- 6 || total
---------------------------+-------+-------++-------
  Melee: Falchion          |   157 |    24 ||   181
         Punch             |     2 |       ||     2
    Use: Potion            |       |     3 ||     3
   Stab: Sleeping          |     7 |       ||     7
         Distracted        |     1 |       ||     1
 Armour: Robe              |    32 |     3 ||    35
  Dodge: Dodged            |   136 |     4 ||   140
  Block: Other             |    27 |     2 ||    29

Table legend: (Time is in decaauts)
 A = Elapsed time spent in this place.
 B = Non-inter-level travel time spent in this place.
 C = Inter-level travel time spent in this place.
 D = Time resting spent in this place.
 E = Time spent auto-exploring this place.
 F = Levels seen in this place.
 G = Mean time per level.
                   A        B        C        D        E       F      G
               +--------+--------+--------+--------+--------+-----+--------+
         Total |   1626 |   1609 |     17 |      2 |   1095 |   3 |  542.0 |
       Dungeon |   1626 |   1609 |     17 |      2 |   1095 |   3 |  542.0 |
               +--------+--------+--------+--------+--------+-----+--------+

Top non-repeatable levels by time:
     D:2: 695 daAuts
     D:3: 531 daAuts
     D:1: 399 daAuts
